 Dungeon Crawl Stone Soup version 0.21.1-1-g345015f (webtiles) character file.

43 snakesoul the Firebug (level 3, -10/19 HPs)
             Began as a Deep Elf Fire Elementalist on June 24, 2018.
             Killed by nerve-wracking pain
             ... invoked by tidbits's ghost
              (11 damage)
             ... on level 3 of the Dungeon.
             The game lasted 00:03:08 (1615 turns).

snakesoul the Firebug (Deep Elf Fire Elementalist)  Turns: 1615, Time: 00:03:09

Health: -10/19     AC:  2    Str:  5    XL:     3   Next: 37%
Magic:  10/10      EV: 13    Int: 20    God:
Gold:   69         SH:  0    Dex: 15    Spells: 8/9 levels left

rFire    . . .     SeeInvis .   t - +3 spear
rCold    . . .     Gourm    .   (no shield)
rNeg     . . .     Faith    .   a - +0 robe
rPois    .         Spirit   .   (no helmet)
rElec    .         Reflect  .   (no cloak)
rCorr    .         Harm     .   (no gloves)
MR       .....                  (no boots)
Stlth    ++........             (no amulet)
HPRegen  0.06/turn              (no ring)
MPRegen  0.12/turn              (no ring)

@: no status effects
A: no striking features
a: no special abilities


You were on level 3 of the Dungeon.
You were not hungry.

You visited 1 branch of the dungeon, and saw 3 of its levels.

You collected 69 gold pieces.

Inventory:

Hand Weapons
 d - a +0 dagger
 t - a +3 spear (weapon)
Armour
 a - a +0 robe (worn)
Jewellery
 g - an uncursed amulet of faith
 p - an uncursed ring of flight {unknown}
 r - a +4 amulet of reflection {unknown}
Scrolls
 e - 2 scrolls of random uselessness {unknown}
 f - a scroll of immolation {unknown}
 j - a scroll of enchant weapon {unknown}
 l - 3 scrolls of remove curse {unknown}
 o - 7 scrolls of identify {unknown}
 v - a scroll of fear {unknown}
Potions
 h - a potion of berserk rage {unknown}
 i - a potion of agility {unknown}
 k - 2 potions of flight {unknown}
 m - a potion of lignification {unknown}
 n - 2 potions of heal wounds {unknown}
 q - 2 potions of brilliance {unknown}
 s - a potion of invisibility {unknown}
 w - 2 potions of curing {unknown}
Books
 b - a book of Flames

   Spells                             Type                      Level
   a - Flame Tongue                   Conjuration/Fire             1
   b - Throw Flame                    Conjuration/Fire             2
   c - Conjure Flame                  Conjuration/Fire             3
   d - Inner Flame                    Hexes/Fire                   3
   e - Sticky Flame                   Conjuration/Fire             4
   f - Fireball                       Conjuration/Fire             5
Comestibles
 c - 4 rations
 u - 4 chunks of flesh


   Skills:
 - Level 2.4 Dodging
 - Level 2.4 Stealth
 + Level 3.6 Spellcasting
 * Level 2.8 Conjurations
 + Level 3.7 Fire Magic


You had 8 spell levels left.
You knew the following spells:

 Your Spells              Type           Power        Failure   Level  Hunger
a - Flame Tongue          Conj/Fire      ###..        3%          1    None


Dungeon Overview and Level Annotations

Branches:
Dungeon (3/15)

Altars:

Annotations:
D:3 tidbits's ghost, weakling GnNe


Message History

You barely miss the giant cockroach. The giant cockroach closely misses you.
You hit the giant cockroach.
You kill the giant cockroach!
Tidbits's ghost says, "Don't worry, I won't let your corpse go to waste."
You hit the jackal.
You kill the jackal!
You hit tidbits's ghost.
Tidbits's ghost is lightly damaged.
Tidbits's ghost misses you.
You miss tidbits's ghost.
Tidbits's ghost is lightly damaged.
Tidbits's ghost hits you!
Ouch! That really hurt!
* * * LOW HITPOINT WARNING * * *
You are too injured to fight recklessly!
Tidbits's ghost whispers, "Meet the emptiness of death!"
Tidbits's ghost casts a spell at you. Pain shoots through your body!
Ouch! That really hurt!
You die...

# #.# #.# #.# ###
#####.# #..
......#### #.#
.........# #.#
########.# #.# .# .#
#.# #.#.# #.##. # #.#
#.#@# .... .. #.#
#.#.# ... .. #.#
#.#W# ..#.#.. #.#
#.#.# ...<. #.#
#.#.####..#.#.. #.#
#.....)).......
#.######.####........
#.....##.# ##.##....
#######.##.# ... ...


You could see tidbits's ghost.

Vanquished Creatures
  An adder (D:3)
  2 leopard geckos
  An orc (D:3)
  A giant cockroach (D:3)
  3 goblins
  A hobgoblin (D:2)
  7 jackals
  4 bats
  5 frilled lizards
  2 kobolds
  5 rats
32 creatures vanquished.

Notes
Turn   | Place    | Note
-------+----------+-------------------------------------------
     0 | D:1      | snakesoul the Deep Elf Fire Elementalist began the quest for the Orb.
     0 | D:1      | Reached XP level 1. HP: 10/10 MP: 6/6
   666 | D:2      | Reached XP level 2. HP: 15/15 MP: 6/8
  1240 | D:2      | Found a faded altar of an unknown god.
  1583 | D:3      | Reached XP level 3. HP: 19/19 MP: 8/10
  1601 | D:3      | Noticed tidbits's ghost (weakling GnNe)
  1615 | D:3      | Killed from afar by tidbits's ghost

Skill      XL: |  1  2 |
---------------+-------+-----
Conjurations   | 2 |  2.8
Dodging        | |  2.4
Stealth        | |  2.4
Spellcasting   | |  3.6
Fire Magic     | |  3.7

Action                   || total
-------------------------++-------
Melee: Dagger            ||    50
       Spear             ||    20
 Cast: Flame Tongue      ||    20
 Stab: Sleeping          ||     6
  Eat: Chunk             ||     2
Armor: Robe              ||    17
Dodge: Dodged            ||    34
